 Dungeon Crawl Stone Soup version 0.28.0-49-g6dfe1f597d (webtiles) character file.

Game seed: 5231230919724838999

43 issech the Prestidigitator (level 3, 0/28 HPs)
             Began as a Gnoll Wanderer on May 19, 2022.
             Killed from afar by an orc wizard (6 damage)
             ... with a puff of flame
             ... on level 2 of the Dungeon.
             The game lasted 00:05:56 (1364 turns).

issech the Prestidigitator (Gnoll Wanderer)         Turns: 1364, Time: 00:05:57

Health: 0/28       AC:  3    Str: 11    XL:     3   Next: 58%
Magic:  4/4        EV: 11    Int: 11    God:
Gold:   37         SH:  0    Dex: 13    Spells: 3/3 levels left

rFire   . . .      SeeInvis .   k - +2 short sword (drain)
rCold   . . .      Faith    .   c - +0 buckler
rNeg    . . .      Spirit   .   d - +0 robe
rPois   .          Reflect  .   (no helmet)
rElec   .          Harm     .   (no cloak)
rCorr   .          Rampage  .   s - +0 pair of gloves
Will    .....                   (no boots)
Stlth   +.........              (no amulet)
HPRegen 0.09/turn               (no ring)
MPRegen 0.09/turn               (no ring)

@: confused
A: fangs 1, strong nose, distributed training
a: no special abilities


You were on level 2 of the Dungeon.
You visited 1 branch of the dungeon, and saw 2 of its levels.

You collected 37 gold pieces.

Inventory:

Hand Weapons
 a - a +0 club
 h - a +0 dagger
 i - a +2 dagger of speed
 k - a +2 short sword of draining (weapon)
 m - a +0 mace
 n - a +0 whip
Missiles
 g - 17 bolts
 j - 11 stones (quivered)
 l - 5 boomerangs of dispersal
Armour
 c - a +0 buckler (worn)
 d - a +0 robe (worn)
 s - a +0 pair of gloves (worn)
Wands
 e - a wand of acid (4)
Scrolls
 f - 2 scrolls of identify {unknown}
 o - 2 scrolls of blinking {unknown}
 p - a scroll of teleportation {unknown}
 q - a scroll of noise {unknown}
Potions
 b - a potion of lignification
 r - a potion of haste {unknown}


   Skills:
 + Level 2.6 Fighting
 + Level 0.8 Short Blades
 + Level 0.8 Long Blades
 + Level 0.8 Axes
 + Level 0.8 Maces & Flails
 + Level 0.8 Polearms
 + Level 0.8 Staves
 + Level 0.8 Slings
 + Level 0.8 Bows
 + Level 0.8 Crossbows
 + Level 0.8 Throwing
 + Level 4.5 Armour
 + Level 0.8 Dodging
 + Level 2.4 Stealth
 + Level 2.6 Shields
 + Level 2.6 Unarmed Combat
 + Level 0.8 Spellcasting
 + Level 0.5 Conjurations
 + Level 0.5 Hexes
 + Level 0.5 Summonings
 + Level 0.5 Necromancy
 + Level 0.5 Translocations
 + Level 0.5 Transmutations
 + Level 0.5 Fire Magic
 + Level 0.5 Ice Magic
 + Level 0.5 Air Magic
 + Level 0.5 Earth Magic
 + Level 0.5 Poison Magic
 + Level 1.0 Invocations
 + Level 8.5 Evocations


You had 3 spell levels left.
You didn't know any spells.
Your spell library contained the following spells:

 Spells                   Type           Power      Damage    Failure   Level
 Call Canine Familiar     Summ           1%         N/A       71%         3
 Portal Projectile        Hex/Tloc       2%         N/A       71%         3
 Leda's Liquefaction      Hex/Erth       0%         N/A       98%         4


Dungeon Overview and Level Annotations

Branches:
Dungeon (2/15)

Altars:


Innate Abilities, Weirdness & Mutations

You have very sharp teeth.
Your uncanny sense of smell can sniff out nearby items.
Your experience applies equally to all skills.


Message History

An orc wizard comes into view. It is wielding a +0 dagger.
The orc wizard shouts!
You hear some strange, mumbled words.
Something tries to affect you, but you resist.
The orc hits you with a +0 short sword.
You closely miss the orc.
The orc wizard gestures at you while chanting.
The orc hits you but does no damage.
You hit the orc.
The orc is moderately wounded.
The orc hits you with a +0 short sword. Something hits you.
You hit the orc.
You kill the orc!
You block something's attack.
You miss the orc wizard.
An orc comes into view. It is wielding a +0 falchion.
Something hits you.
The orc wizard hits you with a +0 dagger.
You closely miss the orc wizard. Something hits you.
You hit the orc but do no damage. You drain the orc.
The orc is heavily wounded.
Something hits you but does no damage.
The orc wizard hits you with a +0 dagger.
You block the orc's attack. Something hits you.
You hear some strange, mumbled words.
A puff of flame appears from out of thin air!
The puff of flame hits you.
* * * LOW HITPOINT WARNING * * *
The orc wizard casts a spell at you.
You are confused.
Unknown command.
You bump into the rock wall.
Something hits you.
* * * LOW HITPOINT WARNING * * *
You closely miss something. Something barely misses you.
You bump into the rock wall.
You hear some strange, mumbled words.
A puff of flame appears from out of thin air!
The puff of flame hits you.
You die...

#.###.........
##...#......#
#......#....#
#.###..)##..#.#
#. #.#.......#
...###.w.##..###
##....oo## .#
######{# #@# #.#
#.# #.# #.. ###


You could see an orc wizard, a dart slug and an orc (drained).

Vanquished Creatures
  A dart slug (D:1)
  An orc (D:2)
  2 ball pythons
  4 endoplasms (D:1)
  A giant cockroach (D:1)
  3 goblins
  3 hobgoblins
  2 jackals (D:1)
  5 kobolds
  2 quokkas (D:1)
  7 bats
  2 frilled lizards (D:1)
  3 rats
36 creatures vanquished.

Vanquished Creatures (others)
  13 plants (D:1)
13 creatures vanquished.

Grand Total: 49 creatures vanquished

Notes
Turn   | Place    | Note
-------+----------+-------------------------------------------
     0 | D:1      | issech the Gnoll Wanderer began the quest for the Orb.
     0 | D:1      | issech set off with the following items: a +0 club, a
                  | potion of lignification, a +0 buckler, a +0 robe, a wand of
                  | acid (4)
     0 | D:1      | Reached XP level 1. HP: 17/17 MP: 1/1
   136 | D:1      | Reached XP level 2. HP: 23/23 MP: 2/2
   655 | D:1      | Found a faded altar of an unknown god.
   846 | D:1      | Reached XP level 3. HP: 24/28 MP: 3/3
  1313 | D:2      | Reached skill level 1 in Invocations
  1364 | D:2      | Killed from afar by an orc wizard

Illustrated notes

Levels and vault maps discovered:
D:1:      dpeg_arrival_simpleton_c, layout_loops_ring,
          dilly_ecumenical_altar_fadedgnrine, corexii_item_surrounded_by_moat,
          serial_bayou_pond_c, minmay_misc_feat_encased, grunt_decor_fettered,
          minmay_distorted
D:2:      layout_loops_ring

Skill      XL: |  1  2  3 |
---------------+----------+-----
Invocations    | 1 |  1.0
Fighting       | |  2.6
Short Blades   | |  0.8
Long Blades    | |  0.8
Axes           | |  0.8
Maces & Flails | |  0.8
Polearms       | |  0.8
Staves         | |  0.8
Slings         | |  0.8
Bows           | |  0.8
Crossbows      | |  0.8
Throwing       | |  0.8
Armour         | |  4.5
Dodging        | |  0.8
Stealth        | |  2.4
Shields        | |  2.6
Unarmed Combat | |  2.6
Spellcasting   | |  0.8
Conjurations   | |  0.5
Hexes          | |  0.5
Summonings     | |  0.5
Necromancy     | |  0.5
Translocations | |  0.5
Transmutations | |  0.5
Fire Magic     | |  0.5
Ice Magic      | |  0.5
Air Magic      | |  0.5
Earth Magic    | |  0.5
Poison Magic   | |  0.5
Evocations     | |  8.5

Action                   || total
-------------------------++-------
Melee: Dagger            ||    25
       Club              ||     7
       Bite              ||    15
       Short sword       ||   122
 Stab: Sleeping          ||     7
Armor: Robe              ||    21
Dodge: Dodged            ||    56
Block: Buckler           ||    21
